 Dungeon Crawl Stone Soup version 0.27-a0-216-g1fbed8a51c (webtiles) character file.

Game seed: 15356155950044284866

80 iamserjio the Skirmisher (level 4, 0/41 HPs)
             Began as a Gnoll Abyssal Knight on Jan 31, 2021.
             Was a Follower of Lugonu.
             Succumbed to a worker ant's poison
             ... on level 4 of the Dungeon.
             The game lasted 00:04:11 (637 turns).

iamserjio the Skirmisher (Gnoll Abyssal Knight)      Turns: 637, Time: 00:04:11

Health: 0/41       AC:  6    Str: 12    XL:     4   Next: 39%
Magic:  7/7        EV:  9    Int: 12    God:    Lugonu [*.....]
Gold:   115        SH:  9    Dex: 11    Spells: 5/5 levels left

rFire    . . .     SeeInvis .   a - +1 falchion
rCold    . . .     Faith    .   h - +2 kite shield {AC+3}
rNeg     + . .     Spirit   .   b - +0 leather armour
rPois    .         Reflect  .   (no helmet)
rElec    .         Harm     .   (no cloak)
rCorr    .         Rampage  .   (no gloves)
Will     .....                  (no boots)
Stlth    +.........             (no amulet)
HPRegen  0.13/turn              k - ring of positive energy
MPRegen  0.10/turn              (no ring)

@: lethally poisoned (0 -> -10)
A: distributed training, fangs 1, strong nose
a: Renounce Religion, Depart the Abyss


You were on level 4 of the Dungeon.
You worshipped Lugonu.
Lugonu was aware of your devotion.
You visited 1 branch of the dungeon, and saw 6 of its levels.
You visited the Abyss 1 time.

You collected 115 gold pieces.

Inventory:

Hand Weapons
 a - a +1 falchion (weapon)
 c - a +3 short sword of speed
 r - a +0 dagger
 s - a +0 trident
Missiles
 j - 19 arrows
 l - 8 boomerangs (quivered)
Armour
 b - a +0 leather armour (worn)
 h - a +2 kite shield of protection (worn)
Jewellery
 k - a ring of positive energy (left hand)
 p - an uncursed amulet of faith {unknown}
Scrolls
 e - 2 scrolls of identify {unknown}
 g - a scroll of fog {unknown}
 i - a scroll of blinking {unknown}
 n - 3 scrolls of fear {unknown}
 o - a scroll of remove curse {unknown}
 q - a scroll of enchant weapon {unknown}


   Skills:
 + Level 6.6 Fighting
 + Level 1.1 Short Blades
 + Level 4.6 Long Blades
 + Level 1.1 Axes
 + Level 1.1 Maces & Flails
 + Level 1.1 Polearms
 + Level 1.1 Staves
 + Level 1.1 Slings
 + Level 1.1 Bows
 + Level 1.1 Crossbows
 + Level 1.1 Throwing
 + Level 4.6 Armour
 + Level 2.7 Dodging
 + Level 1.1 Stealth
 + Level 1.1 Shields
 + Level 1.1 Unarmed Combat
 + Level 1.1 Spellcasting
 + Level 0.9 Conjurations
 + Level 0.9 Hexes
 + Level 0.9 Summonings
 + Level 0.9 Necromancy
 + Level 0.9 Translocations
 + Level 0.9 Transmutations
 + Level 0.9 Fire Magic
 + Level 0.9 Ice Magic
 + Level 0.9 Air Magic
 + Level 0.9 Earth Magic
 + Level 0.9 Poison Magic
 + Level 4.7 Invocations
 + Level 1.1 Evocations


You had 5 spell levels left.
You didn't know any spells.
Your spell library was empty.

Dungeon Overview and Level Annotations

Branches:
Dungeon (6/15)
 Temple: D:4-7

Altars:


Innate Abilities, Weirdness & Mutations

Your experience applies equally to all skills.
You have very sharp teeth.
Your uncanny sense of smell can sniff out nearby items.


Message History

The worker ant poisons you! The worker ant bites you.
* * * LOW HITPOINT WARNING * * *
You aren't carrying any potions.
Unknown command.
Okay, then.
You slash the worker ant!
* * * LOW HITPOINT WARNING * * *
You feel sick. The worker ant bites you.
* * * LOW HITPOINT WARNING * * *
Okay, then.
You start putting on your amulet.
You continue putting on your thick filigree amulet.
Keep equipping yourself?
* * * LOW HITPOINT WARNING * * *
You feel sick. The worker ant closely misses you.
You riposte.
You barely miss the worker ant.
You bite the worker ant, but do no damage.
The worker ant bites you but does no damage.
You continue putting on your thick filigree amulet.
You die...

...........................
....#######+##.............
....'....'...#.............
....#....#...#.............
#####....#...+.............
#...##...#s............
#...##...#........#####
+........##+#######
#..........B@.....+
#.................#
#.................#
#+####...........##
#...........# #...##......#
#...######### #... ###


You could see a worker ant.

Vanquished Creatures
  A bullfrog skeleton (D:5)
  2 adders
  A white imp (D:4)
  A dart slug (D:1)
  An orc (D:3)
  2 bats (D:1)
  2 giant cockroaches (D:1)
  A goblin (D:1)
  2 hobgoblins (D:1)
  5 jackals
  A kobold (D:3)
  A quokka (D:5)
  3 frilled lizards
  2 rats
25 creatures vanquished.

Vanquished Creatures (others)
  A howler monkey zombie (D:5)
  A giant cockroach (D:5)
  2 quokka skeletons (D:5)
4 creatures vanquished.

Grand Total: 29 creatures vanquished

Notes
Turn   | Place    | Note
-------+----------+-------------------------------------------
     0 | Abyss:1  | iamserjio the Gnoll Abyssal Knight began the quest for the
                  | Orb.
     0 | Abyss:1  | Reached XP level 1. HP: 23/23 MP: 3/3
    20 | D:1      | Escaped the Abyss
    80 | D:1      | Reached XP level 2. HP: 29/29 MP: 5/5
   267 | D:3      | Reached XP level 3. HP: 33/35 MP: 6/6
   373 | D:5      | Entered Level 5 of the Dungeon
   397 | D:5      | Reached skill level 1 in Short Blades
   397 | D:5      | Reached skill level 1 in Axes
   397 | D:5      | Reached skill level 1 in Maces & Flails
   397 | D:5      | Reached skill level 1 in Polearms
   397 | D:5      | Reached skill level 1 in Staves
   397 | D:5      | Reached skill level 1 in Slings
   397 | D:5      | Reached skill level 1 in Bows
   397 | D:5      | Reached skill level 1 in Crossbows
   397 | D:5      | Reached skill level 1 in Throwing
   397 | D:5      | Reached skill level 1 in Stealth
   397 | D:5      | Reached skill level 1 in Shields
   397 | D:5      | Reached skill level 1 in Unarmed Combat
   397 | D:5      | Reached skill level 1 in Spellcasting
   397 | D:5      | Reached skill level 1 in Evocations
   397 | D:5      | Reached XP level 4. HP: 7/41 MP: 7/7
   635 | D:4      | HP: 2/41 [worker ant (3)]
   637 | D:4      | Succumbed to a worker ant's poison

Illustrated notes

Levels and vault maps discovered:
D:1:      amcnicky_arrival_wind_blow, layout_loops_corners, minmay_heptomino_d4
D:2:      layout_loops_ring, nrook_campfire, item_on_display_a, uniq_natasha
D:3:      layout_basic, hangedman_decor_growths
D:4:      layout_gridville, serial_shops, shop, hex_medium,
          kennysheep_generic_room_10
D:5:      layout_rooms, minmay_temple_entry_fiery, lemuel_flamethrower_2
D:6:      layout_basic, overflow_temple_1_default, basic_altar,
          minmay_misc_feat_tower, minivault_10

Skill      XL: |  1  2  3 |
---------------+----------+-----
Short Blades   | 1 |  1.1
Axes           | 1 |  1.1
Maces & Flails | 1 |  1.1
Polearms       | 1 |  1.1
Staves         | 1 |  1.1
Slings         | 1 |  1.1
Bows           | 1 |  1.1
Crossbows      | 1 |  1.1
Throwing       | 1 |  1.1
Stealth        | 1 |  1.1
Shields        | 1 |  1.1
Unarmed Combat | 1 |  1.1
Spellcasting   | 1 |  1.1
Evocations     | 1 |  1.1
Fighting       | |  6.6
Long Blades    | |  4.6
Armour         | |  4.6
Dodging        | |  2.7
Conjurations   | |  0.9
Hexes          | |  0.9
Summonings     | |  0.9
Necromancy     | |  0.9
Translocations | |  0.9
Transmutations | |  0.9
Fire Magic     | |  0.9
Ice Magic      | |  0.9
Air Magic      | |  0.9
Earth Magic    | |  0.9
Poison Magic   | |  0.9
Invocations    | |  4.7

Action                   |  1- 3 |  4- 6 || total
-------------------------+-------+-------++-------
Melee: Falchion          |    56 |    21 ||    77
       Bite              |     3 |     3 ||     6
Throw: Boomerang         |     3 |     2 ||     5
  Use: Potion            |       |     3 ||     3
Armor: Leather armour    |    19 |     9 ||    28
Dodge: Dodged            |    34 |    15 ||    49
Block: Kite shield       |    21 |     8 ||    29
       Rpst.: Falchion   |    16 |     6 ||    22

Table legend: (Time is in decaauts)
 A = Elapsed time spent in this place.
 B = Non-inter-level travel time spent in this place.
 C = Inter-level travel time spent in this place.
 D = Time resting spent in this place.
 E = Time spent auto-exploring this place.
 F = Levels seen in this place.
 G = Mean time per level.
                   A        B        C        D        E       F      G
               +--------+--------+--------+--------+--------+-----+--------+
         Total |    662 |    662 |      0 |      0 |      0 |   7 |   94.6 |
       Dungeon |    642 |    642 |      0 |      0 |      0 |   6 |  107.0 |
         Abyss |     20 |     20 |      0 |      0 |      0 |   1 |   20.0 |
               +--------+--------+--------+--------+--------+-----+--------+

Top non-repeatable levels by time:
     D:4: 242 daAuts
     D:1: 196 daAuts
     D:5: 89 daAuts
     D:3: 71 daAuts
     D:2: 40 daAuts
 Abyss:1: 20 daAuts
     D:6: 1 daAuts
